 Dungeon Crawl Stone Soup version 0.23-a0-644-gb60d84b (webtiles) character file.

35 Borgoz the Ruffian (level 3, -11/29 (30) HPs)
             Began as a Ghoul Gladiator on Jan 1, 2019.
             Mangled by Sigmund
             ... wielding a +0 scythe
              (12 damage)
             ... on level 2 of the Dungeon.
             The game lasted 00:02:42 (1439 turns).

Borgoz the Ruffian (Ghoul Gladiator)                Turns: 1439, Time: 00:02:43

HP:   -11/29 (30)   AC:  4    Str: 17      XL:     3   Next: 35%
MP:   2/2           EV: 12    Int:  2 (3)  God:
Gold: 77            SH:  0    Dex: 10 (11) Spells: 2/2 levels left

rFire    . . .     SeeInvis .     - Unarmed
rCold    + . .     Gourm    .   (no shield)
rNeg     + + +     Faith    .   a - +0 leather armour
rPois    ∞         Spirit   .   b - +0 helmet
rElec    .         Reflect  .   (no cloak)
rCorr    .         Harm     .   (no gloves)
MR       .....                  (no boots)
Stlth    +.........             (no amulet)
HPRegen  0.00/turn              e - ring of wizardry
MPRegen  0.08/turn              (no ring)

@: rotting
A: rotting body, claws 1, carnivore, cold resistance 1, negative energy
resistance 3, inhibited regeneration, torment resistance, unbreathing
a: no special abilities


You were on level 2 of the Dungeon.
You were not hungry.

You visited 1 branch of the dungeon, and saw 2 of its levels.

You collected 77 gold pieces.

Inventory:

Missiles
 c - 3 throwing nets (quivered)
Armour
 a - a +0 leather armour (worn)
 b - a +0 helmet (worn)
Jewellery
 e - a ring of wizardry (left claw)
Comestibles
 d - 2 rations


   Skills:
 + Level 2.6 Fighting
 - Level 1.7 Throwing
 * Level 1.2 Armour
 * Level 3.1 Dodging
 + Level 3.6 Unarmed Combat


You had 2 spell levels left.
You didn't know any spells.
Your spell library was empty.

Dungeon Overview and Level Annotations

Branches:
Dungeon (2/15)

Altars:

Annotations:
D:2 Sigmund


Innate Abilities, Weirdness & Mutations

Your body is rotting away.
You thrive on raw meat.
You are immune to poison.
You have sharp fingernails.
You are carnivorous and can eat meat at any time.
Your flesh is cold resistant. (rC+)
You are immune to negative energy. (rN+++)
You do not regenerate when monsters are visible.
You are immune to unholy pain and torment.
You can survive without breathing.


Message History

You scratch Sigmund.
Sigmund is lightly wounded.
You scratch Sigmund.
Sigmund is moderately wounded.
Sigmund points at you and mumbles some strange words.
You resist with significant effort.
You scratch Sigmund.
Sigmund is moderately wounded.
Sigmund mumbles some strange words.
Sigmund flickers and vanishes!
Deactivating autopickup; reactivate with Ctrl-A.
You scratch something but do no damage. Something hits you!
You miss something. You scratch something. Something hits you!
You miss something. Something hits you but does no damage.
You claw something! You closely miss something. Something hits you!
* * * LOW HITPOINT WARNING * * *
You scratch something but do no damage. Something hits you!
You die...

##.....## ##.......##
#...<.....# #.........#
#.........# #.........#
#.........##
#..........####
#.........@...# #####
#........{###.#
#...####### .........#
#.###..........
.........#
#...#..........
#.......##
###..####..####
##......### ##........# #
######...########...#.###
###....# #.#...... ####.#
#.###..##


There were no monsters in sight!

Vanquished Creatures
  An ooze (D:1)
  2 dart slugs (D:1)
  A leopard gecko (D:1)
  2 bats (D:1)
  A giant cockroach (D:2)
  4 hobgoblins (D:1)
  3 frilled lizards
  7 goblins
  2 kobolds (D:1)
  3 rats (D:1)
26 creatures vanquished.

Notes
Turn   | Place    | Note
-------+----------+-------------------------------------------
     0 | D:1      | Borgoz the Ghoul Gladiator began the quest for the Orb.
     0 | D:1      | Reached XP level 1. HP: 17/17 MP: 0/0
   198 | D:1      | Reached XP level 2. HP: 22/25 MP: 1/1
   363 | D:1      | Reached skill level 1 in Armour
   433 | D:1      | Reached XP level 3. HP: 24/30 MP: 2/2
   662 | D:2      | Noticed Sigmund
  1438 | D:2      | HP: 1/29 [something (8)]
  1439 | D:2      | Mangled by Sigmund

Vault maps used:
D:1:      dpeg_arrival_rooms_c
D:2:      first_ration, glass_columns_a, uniq_sigmund, uniq_robin

Skill      XL: |  1  2 |
---------------+-------+-----
Dodging        | 3 |  3.1
Armour         | 1 |  1.2
Fighting       | |  2.6
Throwing       | |  1.7
Unarmed Combat | |  3.6

Action                   || total
-------------------------++-------
Melee: Unarmed           ||   101
  Use: Scroll            ||     4
       Potion            ||     2
  Eat: Chunk             ||     3
Armor: Leather armour    ||    32
Dodge: Dodged            ||    71

Table legend:
 A = Non-vault XP
 B = Vault XP
 C = Vault XP percentage of total XP
 D = Non-vault monster count
 E = Vault monster count
 F = Vault count percentage of total count
                 A         B        C        D         E       F
            +---------+---------+-------+---------+---------+-------
      Total |      51 |       0 |   0.0 |      26 |       0 |   0.0
            +---------+---------+-------+---------+---------+-------
        D:1 |      44 |       0 |   0.0 |      22 |       0 |   0.0
        D:2 |       7 |       0 |   0.0 |       4 |       0 |   0.0
            +---------+---------+-------+---------+---------+-------
